AoeStats
← 309444469

Arena

510908631Analyzed
1v1 RM · 6h ago on Oct 3, 2026· 25m 3s· 2 players
Game mode
Random Map
Map size
Tiny (2 player)
Population
200
Speed
Normal
Resources
Standard
Victory
Conquest
Starting age
Dark Age
Ending age
Imperial Age
RankedLock teamsTeams togetherTeam positionsShared explorationLock speedFull tech treeHidden civsTurbo modeCheats
Victory
Defeat
🇨🇳 Magyars · China
1051
+17
🇨🇳 Spanish · China
1074
-17
我大E了,没有闪
11:06 Feudal Age
14:41 Horse Collar
14:53 Double-Bit Axe
17:17 Castle Age
20:35 Fletching
20:46 Padded Archer Armor
20:50 Elite Skirmisher
25:26 Bodkin Arrow
309444469
10:06 Feudal Age
14:33 Castle Age
13:33 Stone Mining
13:39 Double-Bit Axe
14:11 Loom
20:07 Bow Saw
Connection lost

Rejoining the realm…

Still unreachable

The connection could not be restored.

Session expired

The server has moved on; the page needs a fresh start.